 Dungeon Crawl Stone Soup version 0.16-a0-747-geaeaf20 (webtiles) character file.

137802 Herrn the Severer (level 17, -31/95 HPs)
             Began as a Vine Stalker Fighter on Sept 23, 2014.
             Was an Elder of Sif Muna.
             Killed from afar by a deep elf annihilator (41 damage)
             ... with an iron shot
             ... on Level 3 of the Elven Halls.
             The game lasted 03:04:48 (32403 turns).

Herrn the Severer (Vine Stalker Fighter)           Turns: 32403, Time: 03:04:48

HP -31/95        AC 19     Str 27      XL: 17   Next: 24%
MP   0/36        EV 14     Int 11      God: Sif Muna [****..]
Gold 2579        SH 13     Dex 20      Spells:  4 memorised, 27 levels left

rFire  + + .     SeeInvis +     F - +7 broad axe (elec)
rCold  + . .     Clarity  .     t - +5 ring mail of Weirdness {rF+ MR++ Dex+3}
rNeg   + + +     rCorr    .     B - +0 shield of Skuqejui {+Inv rN+}
rPois  .         rRot     +     R - +0 helmet
rElec  .         Spirit   +     x - +0 cloak
SustAb .         Warding  +     M - +2 pair of gloves
rMut   .         Stasis   .     s - +0 pair of boots of the Many Cities {rC+ rN+}
Gourm  .                        r - amulet of warding
MR     ++++.                    Q - ring of Udettit {+Fly rC+ SInv}
                                W - ring of Plog {Fire Str+4 Int+3}

@: lethally poisoned, very slightly contaminated, incredibly resistant to
hostile enchantments, very unstealthy
A: fangs 3, regeneration 3, magic shield, antimagic bite, no device heal 3, rot
immunity
a: Channel Energy, Forget Spell, Renounce Religion, Evoke Invisibility, Evoke
Flight


You were on level 3 of the Elven Halls.
You worshipped Sif Muna.
Sif Muna was greatly pleased with you.
You were full.

You visited 5 branches of the dungeon, and saw 28 of its levels.
You also visited: Labyrinth, Sewer and Volcano.

You collected 3506 gold pieces.
You spent 927 gold pieces at shops.

Inventory:

Hand weapons
 q - the +7 long sword of Action {vamp, SInv, unknown}
   (You took it off Mara on level 3 of the Elven Halls)

   It inflicts no extra harm, but heals its wielder somewhat when it strikes a
   living foe.
   It enhances your eyesight.
 u - the +7 battleaxe "Zitopting" {elec, rPois}
   (You found it on level 8 of the Lair of Beasts)

   Occasionally, upon striking a foe, it will discharge some electrical energy
   and cause terrible harm.
   It protects you from poison.
 w - a +0 broad axe of venom
 F - a +7 broad axe of electrocution (weapon)
 N - a +3 broad axe of flaming
 O - a +2 war axe of chopping
Armour
 e - a +2 plate armour of cold resistance
 s - the +0 pair of boots of the Many Cities (worn) {rC+ rN+}
   (You found it on level 2 of the Orcish Mines)

   It protects you from cold.
   It protects you from negative energy.
 t - the +5 ring mail of Weirdness (worn) {rF+ MR++ Dex+3}
   (You took it off Mara on level 3 of the Elven Halls)

   It affects your dexterity (+3).
   It protects you from fire.
   It affects your resistance to hostile enchantments.
 x - a +0 cloak (worn)
 B - the +0 shield of Skuqejui (worn) {+Inv rN+}
   (You took it off Asterion on level 3 of the Elven Halls)

   It protects you from negative energy.
   It lets you turn invisible.
 C - a +4 chain mail of magic resistance
 M - a +2 pair of gloves (worn)
 R - a +0 helmet (worn)
 X - a +1 chain mail of positive energy
 Z - a +2 plate armour of fire resistance
Magical devices
 c - a wand of slowing (8) {unknown}
 i - a wand of teleportation (2)
 k - a wand of digging (4)
 z - a wand of fireball (3)
 H - a wand of digging (4)
Comestibles
 d - 11 bread rations
 n - 7 meat rations
 I - 6 beef jerkies
Scrolls
 a - 5 scrolls of recharging
 g - 6 scrolls of enchant armour
 l - 3 scrolls of holy word
 o - 11 scrolls of teleportation
 A - 4 scrolls of remove curse
 J - 2 scrolls of identify
 L - 5 scrolls of amnesia
Jewellery
 f - a +4 ring of evasion {unknown}
 p - an uncursed amulet of resist corrosion
 r - an amulet of warding (around neck)
 y - an uncursed amulet of clarity
 Q - the ring of Udettit (right hand) {+Fly rC+ SInv}
   (You found it on level 5 of the Lair of Beasts)

   [ring of protection from cold]

   It protects you from cold.
   It enhances your eyesight.
   It lets you fly.
 U - an uncursed ring of positive energy
 V - an uncursed ring of sustain abilities
 W - the ring of Plog (left hand) {Fire Str+4 Int+3}
   (You found it in a labyrinth)

   [ring of fire]

   It enhances your fire magic, and weakens your ice magic.
   It affects your strength (+4).
   It affects your intelligence (+3).
   It protects you from fire.
   It makes you vulnerable to cold.
Potions
 j - 6 potions of curing
 m - 4 potions of restore abilities
 E - 2 potions of flight
 G - 6 potions of brilliance
 S - a potion of invisibility
Books
 b - a book of Unlife

   Spells                             Type                      Level
   Recall                             Summoning/Translocation      3
   Animate Dead                       Necromancy                   4
   *Control Undead                    Necromancy                   4
   Twisted Resurrection               Necromancy                   5
   Death Channel                      Necromancy                   6
   Simulacrum                         Ice/Necromancy               6
 h - a book of Enchantments

   Spells                             Type                      Level
   Tukima's Dance                     Hexes                        3
   Cause Fear                         Hexes                        4
   Silence                            Hexes/Air                    5
   Deflect Missiles                   Charms/Air                   6
   Haste                              Charms                       6
   Discord                            Hexes                        8
 v - a book of Power

   Spells                             Type                      Level
   Fulminant Prism                    Conjuration/Hexes            4
   Iskenderun's Mystic Blast          Conjuration                  4
   Venom Bolt                         Conjuration/Poison           5
   Bolt of Magma                      Conjuration/Fire/Earth       5
   Iron Shot                          Conjuration/Earth            6
   Orb of Destruction                 Conjuration                  7
 D - a Grand Grimoire {highlevel}

   This book is beyond your current level of understanding.

   Spells                             Type                      Level
   Aura of Abjuration                 Summoning                    6
   Forceful Dismissal                 Summoning                    6
   Summon Greater Demon               Summoning                    7
   Malign Gateway                     Summoning/Translocation      7
   Summon Horrible Things             Summoning                    8
 K - a book of Annihilations {highlevel}

   This book is beyond your current level of understanding.

   Spells                             Type                      Level
   Poison Arrow                       Conjuration/Poison           6
   Chain Lightning                    Conjuration/Air              8
   Lehudib's Crystal Spear            Conjuration/Earth            8
   Glaciate                           Conjuration/Ice              9
   Fire Storm                         Conjuration/Fire             9
 P - a book of the Warp

   Spells                             Type                      Level
   Control Teleport                   Charms/Translocation         4
   Phase Shift                        Translocation                5
   Warp Weapon                        Charms/Translocation         5
   Dispersal                          Translocation                6
   Controlled Blink                   Translocation                7
   Disjunction                        Translocation                8
 T - a book of the Tempests

   Spells                             Type                      Level
   Static Discharge                   Conjuration/Air              3
   Lightning Bolt                     Conjuration/Air              5
   Fireball                           Conjuration/Fire             5
   Tornado                            Air                          9
   Shatter                            Earth                        9
 Y - a book of the Sky

   Spells                             Type                      Level
   *Flight                            Charms/Air                   3
   Airstrike                          Air                          4
   Silence                            Hexes/Air                    5
   Deflect Missiles                   Charms/Air                   6
   Conjure Ball Lightning             Conjuration/Air              6
   Tornado                            Air                          9


   Skills:
 * Level 13.1 Fighting
 * Level 15.2 Axes
 + Level 9.2 Armour
 + Level 6.3 Dodging
 + Level 9.2 Shields
 * Level 11.1 Spellcasting
 * Level 7.7 Necromancy
 * Level 6.4 Invocations


You had 27 spell levels left.
You knew the following spells:

 Your Spells              Type           Power        Failure   Level  Hunger
a - Control Undead        Necr           ###.......   12%         4    ####...
b - Repel Missiles        Chrm/Air       #.....       38%         2    None
c - Blink                 Tloc           N/A          38%         2    None
d - Flight                Chrm/Air       #.........   78%         3    ##.....


Dungeon Overview and Level Annotations

Branches:
Dungeon (12/15)            Temple (1/1) D:6             Orc (4/4) D:9
    Elf (3/3) Orc:4          Lair (8/8) D:11         Shoals (0/5) Lair:4
  Snake (0/5) Lair:3        Slime (0/6) Lair:6

Altars:
Ashenzari
Cheibriados
Dithmenos
Elyvilon
Fedhas
Gozag
Kikubaaqudgha
Makhleb
Nemelex Xobeh
Okawaru
Qazlal
Ru
Sif Muna
Trog
Vehumet
Xom
Yredelemnul
Zin
The Shining One
Beogh

Shops:
D:7 %   D:11 =   Orc:2 }[:   Orc:3 %   Orc:4 =%[[   Elf:1 (   Elf:2 %


Innate Abilities, Weirdness & Mutations

You have razor-sharp teeth.
You regenerate.
When hurt, damage is shared between your health and your magic reserves.
Your bite disrupts and absorbs the magic of your enemies.
Potions and wands cannot restore your health.
You are immune to rotting.


Message History

The deep elf annihilator casts a spell at you.
The poison arrow hits you!
You are poisoned.
Casting: Repel Missiles
Confirm with . or Enter, or press ? or * to list all spells.
You miscast Repel Missiles.
You are very lightly contaminated with residual magic.
Nothing appears to happen.
You feel sick.
The deep elf annihilator casts a spell at you.
The bolt of lightning hits you!
* * * LOW HITPOINT WARNING * * *
You slice the deep elf annihilator!!
There is a sudden explosion of sparks!
Your bite misses the deep elf annihilator.
The deep elf annihilator is heavily wounded.
You feel sick.
You block the deep elf annihilator's attack.
You feel sick.
The deep elf annihilator points at you and mumbles some strange words.
The iron shot hits you!
You die...

###...###
##.......#.
##.........##
#.............#
...............
...............
.........e.......
###e### ##@(.(.##
###.......###
#...........#
#...........#
#...........#
#.P...).....#
#.......)...#
#...........#
###.......### ##


You could see a deep elf master archer and a deep elf annihilator.

Vanquished Creatures
  Mara (twice) (Elf:3)
  Asterion (Elf:3)
  Kirke (Elf:3)
  5 deep elf sorcerers (Elf:3)
  An orc warlord (Orc:4)
  Aizul (Elf:1)
  A spectral weapon (Elf:3)
  5 deep elf demonologists
  The ghost of Afay the Hoplite, a powerful VSFi of Okawaru (Orc:4)
  3 deep elf annihilators (Elf:3)
  2 deep elf death magi
  A minotaur (Lab)
  10 deep elf high priests (Elf:3)
  Fannar (Lair:8)
  The ghost of Franky the Spear-Bearer, a powerful DrBe of Trog (Lair:2)
  Harold (Lair:5)
  Nessos (Volcano)
  2 centaur warriors
  4 hydras
  6 dancing weapons (Elf:2)
  14 death yaks
  An alligator (shapeshifter) (Elf:2)
  2 orc high priests
  Nergalle (D:11)
  2 deep trolls (Orc:2)
  9 deep elf knights
  4 hill giants
  2 unseen horrors
  11 deep elf summoners
  2 orc knights (Orc:4)
  Pikel (D:5)
  14 deep elf conjurers
  3 orc sorcerers
  2 wolf spiders (Lair:8)
  An oklob plant (Lair:6)
  A cyclops (D:7)
  A manticore (Elf:3)
  A sixfirhy (Elf:3)
  Joseph (Orc:1)
  3 elephants (Lair:7)
  A torpor snail (Lair:5)
  11 black mambas
  A guardian serpent (Lair:8)
  A molten gargoyle (Lair:6)
  Psyche (D:10)
  4 komodo dragons
  A queen ant (Lair:5)
  21 spiny frogs
  A yaktaur (shapeshifter) (Elf:1)
  4 demonic crawlers (Elf:1)
  3 fire drakes
  11 deep elf priests
  Grinder (D:5)
  A minotaur zombie (Lab)
  2 yaktaurs (Volcano)
  3 polar bears
  A two-headed ogre (D:9)
  3 jumping spiders (Elf:1)
  7 trolls
  Prince Ribbit (D:8)
  5 blink frogs (Lair:6)
  A blue devil (Orc:2)
  2 spectral orcs (D:11)
  A shadow (D:12)
  3 slime creatures (D:7)
  A spriggan (Lair:2)
  10 redbacks
  5 hogs (Elf:3)
  A trapdoor spider (shapeshifter) (Elf:2)
  45 yaks
  Eustachio (D:9)
  6 tarantellas
  A hog (shapeshifter) (Elf:3)
  2 wyverns
  22 deep elf magi
  6 hippogriffs
  5 soldier ants (Lair:5)
  6 hungry ghosts
  4 wolves (Lair:7)
  18 deep elf fighters
  4 wargs
  3 vampire mosquitoes (D:12)
  4 nagas (Lair:3)
  Menkaure (D:5)
  19 water moccasins
  10 porcupines
  5 sky beasts
  3 yellow wasps
  3 ice beasts
  46 orc warriors
  4 black bears
  5 spiders (Lair:8)
  3 necrophages
  14 ogres
  18 centaurs
  6 crocodiles
  14 giant frogs
  A gnoll sergeant (D:7)
  4 big kobolds
  A cyclops zombie (D:12)
  5 scorpions
  A troll zombie (D:9)
  An electric eel (Lair:5)
  3 goliath beetles
  29 orc priests
  5 wights (D:11)
  The ghost of SnowFan the Ruinous, a weakling DECj (D:4)
  4 quasits
  8 crimson imps
  A giant frog skeleton (D:8)
  A centaur skeleton (D:8)
  8 iguanas
  9 hounds
  2 jellies (Lair:6)
  19 orange rats
  44 orc wizards
  20 worker ants
  Natasha (thrice) (D:6)
  9 sheep
  A big kobold skeleton (D:8)
  A hound zombie (D:5)
  43 green rats
  35 adders
  8 gnolls
  A shadow imp (D:7)
  10 giant mites
  An inept item mimic (D:3)
  5 worms
  An orc skeleton (D:5)
  An adder zombie (D:9)
  19 giant geckos
  14 oozes
  243 orcs
  11 bats
  27 giant cockroaches
  16 goblins
  24 hobgoblins
  15 jackals
  9 quokkas
  10 ball pythons
  2 giant gecko skeletons
  13 giant newts
  A goblin skeleton (D:4)
  34 kobolds
  An orc zombie (D:6)
  19 rats
  A rat skeleton (D:4)
  7 ballistomycetes
  2 bushes (Lair:8)
  6 fungi
  A plant (Lair:6)
1273 creatures vanquished.

Vanquished Creatures (others)
  A fire vortex (Lair:6)
  A yak (Lair:6)
  A human (Elf:3)
  An orange rat (Elf:3)
  An adder (D:5)
  A giant cockroach (D:5)
  2 bats
  3 giant spores
  2 fungi (Lair:3)
13 creatures vanquished.

Grand Total: 1286 creatures vanquished

Notes
Turn   | Place    | Note
--------------------------------------------------------------
     0 | D:1      | Herrn, the Vine Stalker Fighter, began the quest for the Orb.
     0 | D:1      | Reached XP level 1. HP: 11/11 MP: 1/1
   319 | D:1      | Found a shattered altar of Ashenzari.
   338 | D:1      | Reached skill level 3 in Fighting
   338 | D:1      | Reached XP level 2. HP: 14/16 MP: 3/3
   852 | D:2      | Found a shadowy altar of Dithmenos.
   912 | D:2      | Reached XP level 3. HP: 18/20 MP: 4/4
  1493 | D:2      | Reached XP level 4. HP: 22/24 MP: 5/5
  1662 | D:3      | Found a sparkling altar of Nemelex Xobeh.
  1708 | D:3      | Reached skill level 1 in Dodging
  2204 | D:3      | Reached XP level 5. HP: 21/28 MP: 5/7
  2534 | D:4      | Noticed SnowFan's ghost (weakling DECj)
  2589 | D:4      | Killed SnowFan's ghost
  2589 | D:4      | Reached skill level 1 in Spellcasting
  2655 | D:4      | Found a glowing drain.
  2661 | D:4      | Gained mutation: You heal very quickly. [vine stalker growth]
  2661 | D:4      | Reached XP level 6. HP: 29/33 MP: 6/10
  2720 | Sewer    | Entered a sewer
  3040 | Sewer    | Reached skill level 4 in Fighting
  3181 | Sewer    | Reached XP level 7. HP: 20/37 MP: 6/12
  3518 | D:4      | Found an ancient bone altar of Kikubaaqudgha.
  3519 | D:4      | Found a blossoming altar of Fedhas.
  3520 | D:4      | Found a sacrificial altar of Ru.
  3982 | D:5      | Entered Level 5 of the Dungeon
  4179 | D:5      | Gained mutation: You have razor-sharp teeth. [vine stalker growth]
  4179 | D:5      | Reached XP level 8. HP: 25/42 MP: 13/17
  4344 | D:5      | Noticed Pikel
  4361 | D:5      | Killed Pikel
  4361 | D:5      | Reached skill level 5 in Fighting
  4505 | D:5      | Reached skill level 5 in Axes
  4678 | D:5      | Found a shimmering altar of Xom.
  4868 | D:5      | Found an opulent altar of Gozag.
  4868 | D:5      | Noticed Grinder
  4875 | D:5      | Paralysed by Grinder for 6 turns
  4891 | D:5      | Killed Grinder
  4891 | D:5      | Reached XP level 9. HP: 43/48 MP: 20/20
  5033 | D:5      | Noticed Menkaure
  5291 | D:5      | Killed Menkaure
  5929 | D:6      | Found an iron altar of Okawaru.
  5966 | D:6      | Found a staircase to the Ecumenical Temple.
  6033 | Temple   | Entered the Ecumenical Temple
  6428 | D:6      | Noticed Natasha
  6436 | D:6      | Killed Natasha
  6436 | D:6      | Reached skill level 6 in Fighting
  6648 | D:6      | Noticed Natasha
  6653 | D:6      | Killed Natasha
  6682 | D:6      | Reached skill level 5 in Shields
  6792 | D:6      | Noticed Natasha
  6797 | D:6      | Killed Natasha
  7315 | D:7      | Found a sparkling altar of Nemelex Xobeh.
  7421 | D:7      | Reached XP level 10. HP: 53/53 MP: 23/23
  7456 | D:7      | Noticed a cyclops
  7478 | D:7      | Killed a cyclops
  7478 | D:7      | Reached skill level 7 in Axes
  7478 | D:7      | Reached skill level 5 in Armour
  7478 | D:7      | Reached skill level 5 in Spellcasting
  7686 | D:7      | Found Wulaih's Food Boutique.
  8032 | D:8      | Noticed Prince Ribbit
  8046 | D:8      | Killed Prince Ribbit
  8580 | D:8      | Found a roughly hewn altar of Beogh.
  8730 | D:8      | Killed an unseen horror
  9241 | D:9      | Noticed Eustachio
  9246 | D:9      | Killed Eustachio
  9246 | D:9      | Reached XP level 11. HP: 57/59 MP: 26/26
  9252 | D:9      | Reached skill level 8 in Axes
  9762 | D:9      | Found a staircase to the Orcish Mines.
  9880 | Orc:1    | Entered Level 1 of the Orcish Mines
 10755 | D:10     | Entered Level 10 of the Dungeon
 11125 | D:10     | Killed an unseen horror
 11145 | D:10     | Noticed a centaur warrior
 11161 | D:10     | Killed a centaur warrior
 11212 | D:10     | Noticed Psyche
 11222 | D:10     | Killed Psyche
 11222 | D:10     | Reached skill level 9 in Axes
 11319 | D:10     | Noticed a hill giant
 11327 | D:10     | Killed a hill giant
 12212 | D:11     | Found Mnesaph's Jewellery Boutique.
 12257 | D:11     | Noticed a death yak
 12257 | D:11     | Noticed a hill giant
 12274 | D:11     | Killed a hill giant
 12276 | D:11     | Killed a death yak
 12276 | D:11     | Gained mutation: You regenerate. [vine stalker growth]
 12276 | D:11     | Reached XP level 12. HP: 57/65 MP: 26/28
 12277 | D:11     | Found a staircase to the Lair.
 12498 | D:11     | Noticed a hill giant
 12509 | D:11     | Killed a hill giant
 12710 | D:11     | Identified the Incunabulum of Bewitchment
 12729 | D:11     | Noticed Nergalle
 12870 | D:11     | Killed Nergalle
 13101 | D:12     | Reached skill level 10 in Axes
 13826 | Lair:1   | Entered Level 1 of the Lair of Beasts
 13882 | Lair:1   | Found a labyrinth entrance.
 13892 | Lab      | Entered a labyrinth
 14273 | Lab      | Noticed a minotaur
 14281 | Lab      | Killed a minotaur
 14285 | Lab      | Got a warped tin ring
 14287 | Lab      | Identified the ring of Plog {Fire Str+4 Int+3} (You found it in a labyrinth)
 15347 | Lair:2   | Noticed a five-headed hydra
 15353 | Lair:2   | Killed a three-headed hydra
 15498 | Lair:2   | Learned a level 4 spell: Control Undead
 15884 | Temple   | Became a worshipper of Sif Muna the Loreminder
 16506 | Lair:2   | Noticed a death yak
 16516 | Lair:2   | Killed a death yak
 16656 | Lair:2   | Noticed Franky's ghost (powerful DrBe)
 16677 | Lair:2   | Killed Franky's ghost
 16677 | Lair:2   | Reached skill level 1 in Necromancy
 16677 | Lair:2   | Reached XP level 13. HP: 21/72 MP: 17/30
 17016 | Lair:3   | Reached skill level 11 in Axes
 17034 | Lair:3   | Gained mutation: You are weak. (Str -2) [potion of mutation]
 17034 | Lair:3   | Gained mutation: Your spells are a little harder to cast, but a little more powerful. [potion of mutation]
 17034 | Lair:3   | Gained mutation: You have difficulty communicating with the divine. [potion of mutation]
 17035 | Lair:3   | Lost mutation: You are weak. (Str -2) [potion of cure mutation]
 17035 | Lair:3   | Lost mutation: Your spells are a little harder to cast, but a little more powerful. [potion of cure mutation]
 17035 | Lair:3   | Lost mutation: You have difficulty communicating with the divine. [potion of cure mutation]
 17061 | Lair:3   | Found a staircase to the Snake Pit.
 17314 | Lair:3   | Reached skill level 10 in Fighting
 17419 | Lair:3   | Reached skill level 5 in Dodging
 17992 | Lair:4   | Acquired Sif Muna's first power
 18036 | Lair:4   | Found a staircase to the Shoals.
 18900 | Lair:5   | Noticed Harold
 18925 | Lair:5   | Killed Harold
 18925 | Lair:5   | Reached skill level 1 in Invocations
 19227 | Lair:5   | Got a pitted pewter ring
 19229 | Lair:5   | Identified the ring of Udettit {+Fly rC+ SInv} (You found it on level 5 of the Lair of Beasts)
 19847 | Lair:5   | Reached XP level 14. HP: 68/77 MP: 27/32
 19968 | Lair:6   | Reached skill level 12 in Axes
 20166 | Lair:6   | Found a staircase to the Slime Pits.
 21333 | Lair:7   | Acquired Sif Muna's second power
 21681 | Lair:8   | Entered Level 8 of the Lair of Beasts
 21682 | Lair:8   | Noticed Fannar
 21753 | Lair:8   | Killed Fannar
 22209 | Lair:8   | Reached skill level 5 in Necromancy
 22649 | Lair:8   | Got an iridescent battleaxe
 22650 | Lair:8   | Identified the +7 battleaxe "Zitopting" {elec, rPois} (You found it on level 8 of the Lair of Beasts)
 22670 | Lair:8   | Reached XP level 15. HP: 83/83 MP: 33/33
 23359 | Orc:2    | Found Umiziaf's Antique Armour Boutique.
 23382 | Orc:2    | Bought an ancient leather armour for 154 gold pieces
 23382 | Orc:2    | Bought a slimy plate armour for 616 gold pieces
 23393 | Orc:2    | Identified the +3 plate armour "Twecol" {Str+5 Dex+1} (You bought it in a shop on level 2 of the Orcish Mines)
 23403 | Orc:2    | Identified the +1 leather armour of Bajup Ipra {Str+1 Int+1} (You bought it in a shop on level 2 of the Orcish Mines)
 23458 | Orc:2    | Found a dark tunnel.
 23466 | Volcano  | Entered a volcano
 23488 | Volcano  | Noticed Nessos
 23504 | Volcano  | Killed Nessos
 23504 | Volcano  | Reached skill level 13 in Axes
 23724 | Orc:1    | Noticed Joseph
 23729 | Orc:1    | Killed Joseph
 23906 | Orc:2    | Found Wusmeorargh's Gadget Shop.
 23961 | Orc:2    | Found Loppudgh's Book Emporium.
 24150 | Orc:2    | Found a roughly hewn altar of Beogh.
 24398 | Orc:2    | Got a pair of distressingly furry boots
 24415 | Orc:2    | Identified the +0 pair of boots of the Many Cities {rC+ rN+} (You found it on level 2 of the Orcish Mines)
 24664 | Orc:3    | Found Yjuun Abora's Food Emporium.
 24700 | Orc:3    | Found a glowing silver altar of Zin.
 25287 | Orc:4    | Entered Level 4 of the Orcish Mines
 25440 | Orc:4    | Found a staircase to the Elven Halls.
 25645 | Orc:4    | Noticed Afay's ghost (powerful VSFi)
 25654 | Orc:4    | Killed Afay's ghost
 26275 | Orc:4    | Found Yminuss' Food Shoppe.
 26275 | Orc:4    | Found Weac's Antique Armour Boutique.
 26278 | Orc:4    | Found Eppac's Armour Shop.
 26280 | Orc:4    | Found Ghakeykh's Jewellery Emporium.
 26285 | Orc:4    | Bought a pair of embroidered gloves for 157 gold pieces
 26525 | Orc:4    | Reached skill level 10 in Spellcasting
 26683 | Elf:1    | Entered Level 1 of the Elven Halls
 26871 | Elf:1    | Found Smiepp's Weapon Emporium.
 27100 | Elf:1    | Noticed Aizul
 27120 | Elf:1    | Killed Aizul
 27196 | Elf:1    | Reached skill level 5 in Invocations
 27351 | Elf:1    | Learned a level 2 spell: Repel Missiles
 27354 | Elf:1    | Learned a level 2 spell: Blink
 27361 | Elf:1    | Learned a level 3 spell: Flight
 27915 | Elf:2    | Reached skill level 14 in Axes
 27915 | Elf:2    | Reached XP level 16. HP: 85/88 MP: 33/34
 28080 | Elf:2    | Noticed a Brimstone Fiend
 28233 | Elf:2    | Found Pnuebeto's Food Emporium.
 28810 | Elf:2    | Noticed a deep elf blademaster
 28960 | Elf:3    | Entered Level 3 of the Elven Halls
 28960 | Elf:3    | Noticed Kirke
 28972 | Elf:3    | Killed Kirke
 29273 | Elf:3    | Noticed Asterion
 29429 | Elf:3    | Killed Asterion
 29433 | Elf:3    | Got a shimmering shield
 29444 | Elf:3    | Identified the +0 shield of Skuqejui {+Inv rN+} (You took it off Asterion on level 3 of the Elven Halls)
 30943 | Elf:3    | Reached XP level 17. HP: 89/94 MP: 33/36
 30967 | Elf:3    | Noticed Mara
 30985 | Elf:3    | Acquired Sif Muna's third power
 31009 | Elf:3    | HP: 1/94 [Mara (illusionary)/pitted long sword (4)]
 31034 | Elf:3    | Reached skill level 15 in Axes
 31047 | Elf:3    | Killed Mara
 31797 | Elf:3    | Killed Mara
 31800 | Elf:3    | Got a pitted long sword
 31800 | Elf:3    | Got a warped ring mail
 31812 | Elf:3    | Identified the +5 ring mail of Weirdness {rF+ MR++ Dex+3} (You took it off Mara on level 3 of the Elven Halls)
 32393 | Elf:3    | Noticed a deep elf master archer
 32403 | Elf:3    | Killed from afar by a deep elf annihilator

Action                   |  1- 3 |  4- 6 |  7- 9 | 10-12 | 13-15 | 16-18 || total
-------------------------+-------+-------+-------+-------+-------+-------++-------
Melee: War axe           |   106 |   288 |   350 |   769 |   605 |       ||  2118
       Hand axe          |       |       |       |     3 |   107 |       ||   110
       Battleaxe         |       |       |       |       |   537 |    93 ||   630
       Broad axe         |       |       |       |       |       |   250 ||   250
Evoke: Wand              |       |       |     2 |     9 |     6 |     4 ||    21
  Use: Scroll            |       |     9 |     5 |    10 |     9 |     8 ||    41
       Potion            |       |     5 |     5 |     5 |    10 |     2 ||    27
  Eat: Chunk             |     1 |     7 |     9 |    22 |    24 |     1 ||    64
       Fruit             |       |       |     1 |     3 |     9 |       ||    13
       Beef jerky        |       |       |     1 |     1 |       |     2 ||     4
       Meat ration       |       |       |     1 |       |       |       ||     1
       Pizza             |       |       |       |     2 |       |     1 ||     3
       Bread ration      |       |       |       |     1 |       |     2 ||     3
